 Dungeon Sprint DCSS version 0.19-a0-1065-gdac414d (webtiles) character file.

11100000 Groucho the Ninja (level 27, -6/174 HPs)
             Began as a Spriggan Assassin on Aug 3, 2016.
             Was the Champion of Makhleb.
             Killed from afar by an observer (81 damage)
             ... with a fireball
             ... in the Dungeon (Sprint VIII: "Arena of Blood").
             The game lasted 00:03:47 (111 turns).

Groucho the Ninja (Spriggan Assassin)                Turns: 111, Time: 00:03:47

Health: -6/174     AC:  6    Str:  7    XL:     27
Magic:  38/55      EV: 44    Int: 15    God:    Makhleb [******]
Gold:   0          SH:  0    Dex: 28    Spells: 0 memorised, 80 levels left

rFire  . . .     SeeInvis +     n - +∞ Axe of Woe
rCold  . . .     Gourm    .     c - +0 robe
rNeg   . . .     Faith    .     (shield currently unavailable)
rPois  .         Spirit   .     (helmet restricted)
rElec  .         Dismiss  .     d - +0 cloak
rCorr  .         Reflect  .     (gloves unavailable)
SustAt .         Harm     .     (boots unavailable)
MR     ++++.     NoTele   +     (no amulet)
Stlth  ++++++++++               (no ring)
                                (no ring)

@: very slightly contaminated, very quick
A: unfitting armour, see invisible, herbivore 3, speed 3, slow metabolism 2
a: Minor Destruction, Lesser Servant of Makhleb, Major Destruction, Greater
Servant of Makhleb, Renounce Religion


You were in the Dungeon.
You worshipped Makhleb.
Makhleb was exalted by your worship.
You were not hungry.

You visited 1 branch

Inventory:

Hand Weapons
 a - a +2 dagger
 b - a +0 blowgun
 n - the +∞ Axe of Woe (weapon)
   (You found it in the Dungeon)
Missiles
 e - 8 poisoned needles
 f - 2 curare-tipped needles
Armour
 c - a +0 robe (worn)
 d - a +0 cloak (worn)
Jewellery
 o - a +200 ring of slaying
Potions
 h - a potion of curing
 i - a potion of heal wounds
 j - a potion of haste
 k - 2 potions of magic
 l - a potion of berserk rage
Comestibles
 g - a bread ration


   Skills:
 O Level 27 Fighting
 O Level 27 Short Blades
 O Level 27 Axes
 O Level 27 Throwing
 O Level 27 Armour
 O Level 27 Dodging
 O Level 27 Stealth
 O Level 27 Unarmed Combat
 O Level 27 Spellcasting
 O Level 27 Invocations


You had 80 spell levels left.
You didn't know any spells.

Dungeon Overview and Level Annotations

Branches:
Dungeon (1/1)

Altars:
Makhleb


Innate Abilities, Weirdness & Mutations

You are tiny and cannot use many weapons and most armour.
You have supernaturally acute eyesight. (SInv)
You are a herbivore.
You cover ground extremely quickly.
You need consume almost no food.


Message History

No reachable target in view!
Unknown command.
No reachable target in view!
Unknown command.
No reachable target in view!
Unknown command.
Unknown command.
Unknown command.
Blink to where?
Press: ? - help, Dir - move target cursor You are very lightly contaminated with residual magic.
As you read the scroll of blinking, it crumbles to dust.
You hear a shout!
The tyrant casts a spell.
The tyrant seems to speed up.
You hear a shout! x2
The scourge closely misses you. The observer gazes at you.
The fireball explodes!
The fireball engulfs you!
You die...

...X..))))#))).)..#..
...#.....X)o)))).).....
. .#.#.#LX§§G.)))))....%
O. .#.#..§§§XXD......%%.
... .#.#.§§§XX........##
#...#.#.§...#DX.%....#..
#.......§...%.XD.....# %
#...§...##L#.X.%..%.
##.S@....W.....%%...
#......####....#..%.M#
####... . .. ####


You could see 3 tentacled monstrosities, 2 tyrants, 2 eight-headed meat hydras,
an observer (invisible), a scourge, 5 large abominations, a dread, a meat
berserker (berserk) and a bag of meat.

Vanquished Creatures
  Sigmund (D)
  3 hell beasts (D)
  2 great orbs of eyes (D)
  Harold (D)
  11 vampire knights (D)
  28 ogres (D)
  4 liches (D)
  3 hydras (D)
  46 orcs (D)
  5 hill giants (D)
  4 skeletal warriors (D)
  3 large abominations (D)
  8 small abominations (D)
  11 crawling corpses (D)
130 creatures vanquished.

Vanquished Creatures (others)
  3 crawling corpses (D)
3 creatures vanquished.

Grand Total: 133 creatures vanquished

Notes
Turn   | Place    | Note
-------+----------+-------------------------------------------
     0 | D        | Groucho the Spriggan Assassin began the quest for the Orb.
     0 | D        | Reached XP level 1. HP: 10/10 MP: 2/2
     3 | D        | Noticed a bag of meat
     4 | D        | Became a worshipper of Makhleb the Destroyer
     5 | D        | Noticed a bag of meat
     5 | D        | Noticed a bag of meat
     5 | D        | Noticed a meat berserker
     7 | D        | Killed a meat berserker
     7 | D        | Reached XP level 2. HP: 28/28 MP: 3/3
     7 | D        | Reached XP level 3. HP: 32/32 MP: 4/4
     7 | D        | Reached XP level 4. HP: 37/37 MP: 5/5
     7 | D        | Reached XP level 5. HP: 41/41 MP: 6/6
     7 | D        | Reached XP level 6. HP: 46/46 MP: 7/7
     7 | D        | Reached XP level 7. HP: 50/50 MP: 8/8
     7 | D        | Reached XP level 8. HP: 55/55 MP: 9/9
     7 | D        | Reached XP level 9. HP: 59/59 MP: 10/10
     7 | D        | Reached XP level 10. HP: 64/64 MP: 11/11
     7 | D        | Reached XP level 11. HP: 68/68 MP: 12/12
     7 | D        | Reached XP level 12. HP: 73/73 MP: 13/13
     7 | D        | Reached XP level 13. HP: 77/77 MP: 14/14
     8 | D        | Noticed a bag of meat
     8 | D        | Killed a bag of meat
     8 | D        | Reached * piety under Makhleb
    10 | D        | Noticed a meat berserker
    10 | D        | Killed a bag of meat
    10 | D        | Reached skill level 15 in Fighting
    10 | D        | Reached XP level 14. HP: 86/86 MP: 15/15
    11 | D        | Killed a meat berserker
    11 | D        | Reached ** piety under Makhleb
    11 | D        | Reached skill level 27 in Stealth
    11 | D        | Reached XP level 15. HP: 93/93 MP: 16/16
    12 | D        | Noticed a meat berserker
    14 | D        | Noticed a meat berserker
    14 | D        | Killed a meat berserker
    14 | D        | Reached *** piety under Makhleb
    14 | D        | Reached skill level 27 in Dodging
    14 | D        | Reached XP level 16. HP: 103/103 MP: 17/17
    15 | D        | Killed a meat berserker
    15 | D        | Reached skill level 27 in Axes
    16 | D        | Noticed a meat berserker
    18 | D        | Reached XP level 17. HP: 117/117 MP: 18/18
    19 | D        | Reached **** piety under Makhleb
    19 | D        | Reached skill level 27 in Fighting
    21 | D        | Noticed a meat berserker
    21 | D        | Noticed a large bag of meat
    21 | D        | Killed a meat berserker
    21 | D        | Reached ***** piety under Makhleb
    21 | D        | Reached XP level 18. HP: 127/127 MP: 18/32
    22 | D        | Noticed a destroyer
    22 | D        | Noticed a destroyer
    22 | D        | Noticed a large bag of meat
    23 | D        | Noticed a meat berserker
    25 | D        | Killed a meat berserker
    25 | D        | Reached XP level 19. HP: 132/132 MP: 18/35
    26 | D        | Noticed a meat berserker
    26 | D        | Killed a large bag of meat
    27 | D        | Noticed a large bag of meat
    27 | D        | Reached ****** piety under Makhleb
    27 | D        | Reached skill level 27 in Invocations
    28 | D        | Noticed a meat berserker
    28 | D        | Killed a destroyer
    28 | D        | Reached skill level 27 in Unarmed Combat
    28 | D        | Reached skill level 10 in Throwing
    28 | D        | Reached XP level 20. HP: 137/137 MP: 19/38
    29 | D        | Reached skill level 15 in Short Blades
    29 | D        | Killed a meat berserker
    30 | D        | Noticed a destroyer
    31 | D        | Killed a meat berserker
    31 | D        | Reached skill level 15 in Armour
    31 | D        | Reached XP level 21. HP: 142/142 MP: 20/47
    32 | D        | Killed a destroyer
    33 | D        | Killed a destroyer
    33 | D        | Reached skill level 27 in Spellcasting
    33 | D        | Reached XP level 22. HP: 148/148 MP: 20/54
    33 | D        | Reached skill level 27 in Short Blades
    34 | D        | Reached skill level 27 in Throwing
    36 | D        | Reached skill level 27 in Armour
    36 | D        | Reached XP level 23. HP: 153/153 MP: 21/55
    39 | D        | Noticed a destroyer
    40 | D        | Noticed a destroyer
    41 | D        | Reached XP level 24. HP: 158/158 MP: 22/55
    43 | D        | Noticed a destroyer
    43 | D        | Killed a destroyer
    43 | D        | Killed a destroyer
    43 | D        | Reached XP level 25. HP: 163/163 MP: 22/55
    44 | D        | Killed a destroyer
    45 | D        | Noticed a destroyer
    47 | D        | Reached XP level 26. HP: 169/169 MP: 23/55
    49 | D        | Noticed a destroyer
    50 | D        | Noticed a tyrant
    51 | D        | Noticed a destroyer
    51 | D        | Killed a destroyer
    52 | D        | Reached XP level 27. HP: 174/174 MP: 24/55
    52 | D        | Killed a destroyer
    55 | D        | Noticed The Servant
    55 | D        | Noticed a tyrant
    56 | D        | Killed a destroyer
    59 | D        | Killed a tyrant
    64 | D        | Noticed a tyrant
    64 | D        | Noticed a meat beast
    64 | D        | Killed a tyrant
    66 | D        | Killed The Servant
    67 | D        | Killed a meat beast
    71 | D        | Noticed The Captor
    72 | D        | Noticed an accursed
    75 | D        | Noticed a meat beast
    79 | D        | Killed a meat beast
    83 | D        | Killed a tyrant
    84 | D        | Noticed a meat beast
    88 | D        | Killed a meat beast
    89 | D        | Killed The Captor
    93 | D        | Noticed a tyrant
    94 | D        | Noticed a destroyer
    96 | D        | Noticed a destroyer
    96 | D        | Killed a tyrant
    97 | D        | Noticed a tyrant
    98 | D        | Killed a destroyer
    99 | D        | Killed a destroyer
   102 | D        | Noticed a tyrant
   104 | D        | HP: 7/174 [observer/divine providence (16)]
   107 | D        | Noticed a dread
   111 | D        | Killed from afar by an observer

Vault maps used:
D:        meatsprint

Skill      XL: |  1  2  3  4  5  6  7  8  9 10 11 12 13 14 15 16 17 18 19 20 21 22 |
---------------+-------------------------------------------------------------------+-----
Fighting       | 13 15 16 19 24 27 | 27.0
Axes           | 17 20 22 25 27 | 27.0
Dodging        | 20 23 25 27 | 27.0
Stealth        | 22 25 27 | 27.0
Unarmed Combat | 16 20 27 | 27.0
Invocations    | 18 23 27 | 27.0
Short Blades   | 11 20 25 27 | 27.0
Throwing       | 10 18 24 27 | 27.0
Armour         | 8 15 19 27 | 27.0
Spellcasting   | 12 21 27 | 27.0

Action                   |  1- 3 |  4- 6 |  7- 9 | 10-12 | 13-15 | 16-18 | 19-21 | 22-24 | 25-27 || total
-------------------------+-------+-------+-------+-------+-------+-------+-------+-------+-------++-------
Melee: Broad axe         |     1 |       |       |       |     5 |     6 |     7 |     8 |    54 ||    81
  Use: Scroll            |       |       |       |       |       |       |       |       |     1 ||     1
Dodge: Dodged            |       |       |       |       |       |     1 |     1 |       |     4 ||     6
